 Dungeon Crawl Stone Soup version 0.30-a0-424-g7412bad402 (webtiles) character file.

Game seed: 14368726657926300404

154 arthad the Magician (level 5, -6/38 HPs)
             Began as a Djinni Fire Elementalist on Dec 10, 2022.
             Mangled by Edmund
             ... wielding a +2 flail of protection
              (17 damage)
             ... on level 4 of the Dungeon.
             The game lasted 00:08:17 (2928 turns).

arthad the Magician (Djinni Fire Elementalist)      Turns: 2928, Time: 00:08:18

Health: -6/38      AC:  2    Str:  7    XL:     5   Next: 63%
Gold:   159        EV: 13    Int: 19    God:
                   SH:  0    Dex: 13

rFire   + + .      SeeInvis .    j - +0 spear (venom)
rCold   x . .      Faith    .    (no shield)
rNeg    . . .      Spirit   .    a - +0 robe
rPois   ∞          Reflect  .    (no helmet)
rElec   .          Harm     .    (no cloak)
rCorr   .          Rampage  .    (no gloves)
Will    .....                    (boots unavailable)
Stlth   ++........               (no amulet)
HPRegen 0.26/turn                (no ring)
MPRegen 0.00/turn                (no ring)

@: flying, invisible
A: sickness immunity, fire resistance 2, cold vulnerability 1, float, innate
caster, HP casting, extra vitality 1
a: no special abilities


You were on level 4 of the Dungeon.
You visited 1 branch of the dungeon, and saw 4 of its levels.

You collected 159 gold pieces.

Inventory:

Hand Weapons
 j - a +0 spear of venom (weapon)
Armour
 a - a +0 robe (worn)
 k - a +0 leather armour
Magical Staves
 l - a staff of death
Wands
 p - a wand of charming (11)
 q - a wand of flame (19)
Scrolls
 b - a scroll of teleportation
 c - a scroll of enchant armour {unknown}
 e - 5 scrolls of identify {unknown}
 h - a scroll of vulnerability {unknown}
 o - a scroll of noise {unknown}
 r - 2 scrolls of torment {unknown}
Potions
 d - a potion of ambrosia {unknown}
 f - a potion of heal wounds
 g - 3 potions of flight
 m - a potion of mutation {unknown}
 n - a potion of curing {unknown}


   Skills:
 + Level 2.0 Fighting
 + Level 3.2 Dodging
 + Level 2.5 Stealth
 * Level 3.4 Spellcasting


You couldn't memorise any spells.
You knew the following spells:

 Your Spells              Type           Power      Damage    Failure   Level
a - Foxfire               Conj/Fire      64%        2x1d7     3%          1
b - Scorch                Fire           32%        2d6       5%          2
c - Kindle Blastsparks    Fire/Tloc/Air  32%        2d12      11%         3
d - Inner Flame           Hex/Fire       16%        N/A       11%         3
e - Flame Wave            Conj/Fire      16%        2d7       34%         4
f - Apportation           Tloc           32%        N/A       3%          1
g - Poisonous Vapours     Pois/Air       32%        N/A       5%          2
Your spell library was empty.

Dungeon Overview and Level Annotations

Branches:
Dungeon (4/15)
 Temple: D:4-7

Altars:
Ashenzari
Ru
Xom

Annotations:
D:4 Edmund


Innate Abilities, Weirdness & Mutations

You are immune to sickness and miasma.
You are immune to poison.
Your flesh is very heat resistant. (rF++)
You are vulnerable to cold. (rC-)
You float through the air rather than walking.
You learn spells naturally, not from books.
Your magical power is your life essence.
You have superior vitality. (+4 MHP)


Message History

q - a wand of flame (19)
Found a stone staircase leading up.
Found a mace.
r - 2 scrolls labelled BOUJAIVOIN Edmund is nearby!
Casting: Foxfire (safe; 3% risk of failure)
Confirm with . or Enter, or press ? or * to list all spells.
Aiming: Poisonous Vapours (safe; 5% risk of failure)
Press: ? - help, Dir - move target, f - Edmund
Aim: Edmund, wielding a +2 flail of protection, wearing a +0 ring mail and carrying a wand of flame (18) (heavily wounded, wandering, hasn't noticed you) Poisonous vapours surround Edmund!
Edmund is poisoned.
Edmund shouts!
Edmund zaps a wand.
The puff of flame hits you. You resist.
Casting: Poisonous Vapours (safe; 5% risk of failure)
Confirm with . or Enter, or press ? or * to list all spells.
Aiming: Poisonous Vapours (safe; 5% risk of failure)
Press: ? - help, Dir - move target, f/p - Edmund
Aim: Edmund, wielding a +2 flail of protection, wearing a +0 ring mail and carrying a wand of flame (17) (heavily wounded, poisoned) Poisonous vapours surround Edmund!
Edmund looks even sicker.
Edmund drinks a potion.
Edmund goes berserk!
Unknown command.
Casting: Poisonous Vapours (safe; 5% risk of failure)
Confirm with . or Enter, or press ? or * to list all spells.
Aiming: Poisonous Vapours (safe; 5% risk of failure)
Press: ? - help, Dir - move target, f/p - Edmund
Aim: Edmund, wielding a +2 flail of protection, wearing a +0 ring mail and carrying a wand of flame (17) (heavily wounded, berserk, very poisoned) Poisonous vapours surround Edmund!
Edmund looks even sicker.
Unknown command.
Casting: Poisonous Vapours (safe; 5% risk of failure)
Confirm with . or Enter, or press ? or * to list all spells.
Aiming: Poisonous Vapours (safe; 5% risk of failure)
Press: ? - help, Dir - move target, f/p - Edmund
Aim: Edmund, wielding a +2 flail of protection, wearing a +0 ring mail and carrying a wand of flame (17) (heavily wounded, berserk, very poisoned) Poisonous vapours surround Edmund!
Edmund looks as sick as possible!
Edmund hits you with a +2 flail of protection!
* * * LOW HITPOINT WARNING * * *
Okay, then.
You fade into invisibility!
Edmund hits you with a +2 flail of protection!
You die...

.. ..# #. #.#####.#
........####
#..........#
#.##.......#
#.##.....<.##.##
####................
#...@@........#.####
#.######......# ..
#.# #......# ## #.#
######## #.# ####
#.# ########... #.#
#######......#...
##.###).<.....#
#.#..#
#.........#..# #...#


You could see Edmund (berserk, unable to see you, extremely poisoned).

Vanquished Creatures
  4 gnolls (D:3)
  6 adders
  A worm (D:2)
  2 dart slugs (D:3)
  An orc (D:3)
  8 ball pythons
  10 bats
  6 endoplasms
  A giant cockroach (D:3)
  6 goblins
  2 hobgoblins (D:2)
  2 quokkas
  A frilled lizard (D:3)
  5 kobolds
  A rat (D:1)
56 creatures vanquished.

Vanquished Creatures (others)
  164 foxfires
164 creatures vanquished.

Grand Total: 220 creatures vanquished

Notes
Turn   | Place    | Note
-------+----------+-------------------------------------------
     0 | D:1      | arthad the Djinni Fire Elementalist began the quest for the
                  | Orb.
     0 | D:1      | arthad set off with the following spells memorised:
                  | Foxfire, Scorch, Kindle Blastsparks, Inner Flame, Flame
                  | Wave.
     0 | D:1      | Reached XP level 1. HP: 15/15 MP: 0/0
   167 | D:1      | Reached XP level 2. HP: 15/22 MP: 0/0
  1241 | D:2      | Reached XP level 3. HP: 23/26 MP: 0/0
  1241 | D:2      | Learned a level 1 spell: Apportation
  1829 | D:3      | Reached skill level 1 in Fighting
  1855 | D:3      | Reached XP level 4. HP: 14/32 MP: 0/0
  1970 | D:3      | Found a shimmering altar of Xom.
  2056 | D:3      | Reached XP level 5. HP: 29/38 MP: 0/0
  2056 | D:3      | Learned a level 2 spell: Poisonous Vapours
  2313 | D:3      | Found a broken altar of Ashenzari.
  2367 | D:3      | Found a sacrificial altar of Ru.
  2410 | D:3      | Found a faded altar of an unknown god.
  2411 | D:3      | Noticed a great orb of eyes
  2413 | D:3      | Noticed a golden eye
  2413 | D:3      | Noticed an eye of devastation
  2413 | D:3      | Noticed a golden eye
  2557 | D:4      | Noticed Edmund
  2928 | D:4      | Mangled by Edmund

Illustrated notes

Levels and vault maps discovered:
D:1:      nicolae_arrival_somewhat_less_tricky_arrival, layout_basic
D:2:      layout_loops_corners, serial_rivers, chequers_serial_rivers_small_b,
          chequers_serial_rivers_micro_d, chequers_serial_rivers_marsh,
          chequers_serial_rivers_micro_a
D:3:      layout_rooms, general_overflow_altar, nicolae_ru_the_path_less_chosen,
          xom_confusion_cloud, hellmonk_ecumenical_altar_watching_god,
          minmay_misc_feat_plants
D:4:      layout_loops_cross, minmay_temple_entry_mini_moons, uniq_edmund

Skill      XL: |  1  2  3  4  5 |
---------------+----------------+-----
Fighting       | 1 2 |  2.0
Stealth        | 2 |  2.5
Spellcasting   | 3 |  3.4
Dodging        | 3 |  3.2

Action                   |  1- 3 |  4- 6 || total
-------------------------+-------+-------++-------
Melee: Unarmed           |     4 |       ||     4
       Spear             |       |    14 ||    14
 Cast: Foxfire           |    45 |    48 ||    93
       Scorch            |     3 |     2 ||     5
       Apportation       |       |     1 ||     1
       Poisonous Vapours |       |     4 ||     4
  Use: Potion            |       |     3 ||     3
       Scroll            |       |     1 ||     1
 Stab: Sleeping          |       |     1 ||     1
Armor: Robe              |     7 |     4 ||    11
Dodge: Dodged            |    10 |    22 ||    32

Table legend: (Time is in decaauts)
 A = Elapsed time spent in this place.
 B = Non-inter-level travel time spent in this place.
 C = Inter-level travel time spent in this place.
 D = Time resting spent in this place.
 E = Time spent auto-exploring this place.
 F = Levels seen in this place.
 G = Mean time per level.
                   A        B        C        D        E       F      G
               +--------+--------+--------+--------+--------+-----+--------+
         Total |   2928 |   2849 |     79 |    142 |   2363 |   4 |  732.0 |
       Dungeon |   2928 |   2849 |     79 |    142 |   2363 |   4 |  732.0 |
               +--------+--------+--------+--------+--------+-----+--------+

Top non-repeatable levels by time:
     D:1: 933 daAuts
     D:2: 872 daAuts
     D:3: 750 daAuts
     D:4: 371 daAuts
